 Dungeon Crawl Stone Soup version 0.24-a0-584-g9d6b971ae4 (webtiles) character file.

Game seed: 15181935013878859286, levelgen mode: deterministic

532 Amnesiac the Magician (level 7, 0/36 HPs)
             Began as a Deep Elf Enchanter on Sept 6, 2019.
             Slain by a gnoll
             ... wielding a +0 spear
              (6 damage)
             ... on level 5 of the Dungeon.
             The game lasted 00:07:32 (2928 turns).

Amnesiac the Magician (Deep Elf Enchanter)          Turns: 2928, Time: 00:07:32

Health: 0/36       AC:  2    Str:  5    XL:     7   Next: 4%
Magic:  17/18      EV: 14    Int: 20    God:
Gold:   100        SH:  0    Dex: 17    Spells: 7/18 levels left

rFire    . . .     SeeInvis .   a - +0 dagger (venom)
rCold    . . .     Gourm    .   (no shield)
rNeg     . . .     Faith    .   i - +0 robe
rPois    .         Spirit   .   (no helmet)
rElec    .         Reflect  .   (no cloak)
rCorr    .         Harm     .   (no gloves)
MR       .....                  (no boots)
Stlth    +++.......             (no amulet)
HPRegen  0.12/turn              (no ring)
MPRegen  0.16/turn              (no ring)

@: no status effects
A: no striking features
a: no special abilities


You were on level 5 of the Dungeon.
You were not hungry.

You visited 1 branch of the dungeon, and saw 5 of its levels.

You collected 100 gold pieces.

Inventory:

Hand Weapons
 a - a +0 dagger of venom (weapon)
 b - a +1 dagger of draining
Armour
 i - a +0 robe (worn)
 o - a +0 buckler
Scrolls
 h - 2 scrolls of teleportation
Potions
 c - 3 potions of heal wounds {unknown}
 e - a potion of lignification {unknown}
 f - a potion of agility {unknown}
 j - 2 potions of haste {unknown}
 k - a potion of curing {unknown}
 m - a potion of mutation {unknown}
Comestibles
 d - 3 rations
 g - a chunk of flesh


   Skills:
 + Level 2.8 Short Blades
 + Level 4.0 Dodging
 + Level 5.8 Stealth
 * Level 6.1 Spellcasting
 + Level 5.7 Hexes


You had 7 spell levels left.
You knew the following spells:

 Your Spells              Type           Power        Failure   Level  Hunger
a - Ensorcelled Hibernat  Hex/Ice        ###...       4%          2    None
d - Dazzling Spray        Conj/Hex       ###...       10%         3    ##.....
e - Confuse               Hex            ####....     2%          3    ##.....
w - Tukima's Dance        Hex            ####....     2%          3    ##.....

Your spell library contained the following spells:

 Spells                   Type           Power        Failure   Level  Hunger
 Corona                   Hex            ####...      1%          1    None
 Magic Dart               Conj           #...         11%         1    None
 Shock                    Conj/Air       #...         11%         1    None
 Conjure Flame            Conj/Fire      #.......     30%         3    ##.....
 Ozocubu's Armour         Chrm/Ice       #.......     30%         3    ##.....
 Static Discharge         Conj/Air       #.......     30%         3    ##.....
 Ice Form                 Ice/Tmut       #.......     71%         4    ####...
 Iskenderun's Battlesphe  Conj/Chrm      #.......     96%         5    #####..


Dungeon Overview and Level Annotations

Branches:
Dungeon (5/15)
 Temple: D:4-7

Altars:
Trog

Shops:
D:4 =

Annotations:
D:1 exclusion: gnoll
D:4 3 runed translucent doors, hemabe's ghost, novice HuAr


Message History

You barely miss the gnoll.
The gnoll is moderately wounded.
The gnoll completely misses you.
You hit the gnoll but do no damage.
The gnoll looks as sick as possible!
The gnoll is moderately wounded.
The gnoll hits you with a +0 spear.
You hit the gnoll but do no damage.
The gnoll looks as sick as possible!
The gnoll is moderately wounded.
The gnoll hits you with a +0 spear.
You barely miss the gnoll.
The gnoll is moderately wounded.
The gnoll hits you with a +0 spear!
You hit the gnoll but do no damage.
The gnoll looks as sick as possible!
The gnoll is heavily wounded.
The gnoll hits you with a +0 spear!
* * * LOW HITPOINT WARNING * * *
You hit the gnoll but do no damage.
The gnoll looks as sick as possible!
The gnoll is severely wounded.
The gnoll hits you with a +0 spear.
You die...

...##....####..##....# .
..# #.....##..##...###
.... #........=.....###
... ##...#.......รท.##.#
#...##..####........##..
#......## #...#........
####..).###..##.....##.
###.....[.##.##.####
##@###....._...##
#.g#......#.#...#
##.............##
##.............###
##..#).........).
##.#.[.......##.
###........###.
##..........###.
#..).........##g


You could see a gnoll.

Vanquished Creatures
  A sky beast (D:5)
  Blork the orc (D:4)
  A gnoll sergeant (D:5)
  A scorpion (D:4)
  A centaur skeleton (D:4)
  2 worker ants (D:4)
  7 gnolls
  3 adders (D:2)
  2 leopard geckos
  2 orcs
  A ball python (D:2)
  3 giant cockroaches
  5 goblins
  3 hobgoblins
  2 bats (D:2)
  4 frilled lizards
  3 kobolds
  6 rats
48 creatures vanquished.

Vanquished Creatures (collateral kills)
  Edmund (D:5)
1 creature vanquished.

Vanquished Creatures (others)
  A dancing weapon (D:5)
1 creature vanquished.

Grand Total: 50 creatures vanquished

Notes
Turn   | Place    | Note
-------+----------+-------------------------------------------
     0 | D:1      | Amnesiac the Deep Elf Enchanter began the quest for the
                  | Orb.
     0 | D:1      | Reached XP level 1. HP: 10/10 MP: 6/6
   761 | D:2      | Reached XP level 2. HP: 15/15 MP: 6/8
   773 | D:2      | Learned a level 2 spell: Ensorcelled Hibernation
   910 | D:2      | Reached skill level 4 in Spellcasting
   955 | D:2      | Reached XP level 3. HP: 11/19 MP: 7/10
   983 | D:2      | Learned a level 3 spell: Confuse
  1489 | D:3      | Reached XP level 4. HP: 24/24 MP: 6/12
  1620 | D:4      | Found a runed translucent gate.
  1644 | D:4      | Noticed Blork the orc
  1655 | D:4      | Killed Blork the orc
  1655 | D:4      | Reached skill level 5 in Stealth
  1655 | D:4      | Reached skill level 5 in Spellcasting
  1655 | D:4      | Reached skill level 5 in Hexes
  1655 | D:4      | Reached XP level 5. HP: 27/28 MP: 10/14
  1660 | D:4      | Learned a level 3 spell: Tukima's Dance
  1664 | D:4      | Learned a level 3 spell: Dazzling Spray
  1677 | D:4      | Got a polished mace
  1680 | D:4      | Found Heeb's Jewellery Boutique.
  1985 | D:4      | Noticed hemabe's ghost (novice HuAr)
  1988 | D:4      | Identified the Incunabulum of Proximity
  2016 | D:4      | Reached XP level 6. HP: 32/32 MP: 15/15
  2454 | D:5      | Entered Level 5 of the Dungeon
  2465 | D:4      | Found a runed translucent gate.
  2465 | D:4      | Found a runed translucent gate.
  2646 | D:5      | Noticed a sky beast
  2657 | D:5      | Killed a sky beast
  2671 | D:5      | Found a bloodstained altar of Trog.
  2739 | D:5      | Noticed Edmund
  2752 | D:5      | Killed Edmund
  2823 | D:5      | Reached skill level 6 in Spellcasting
  2823 | D:5      | Reached XP level 7. HP: 28/36 MP: 1/18
  2928 | D:5      | Slain by a gnoll

Levels and vault maps discovered:
D:1:      dpeg_arrival_simpleton_a, layout_loops_corners, minmay_lizard_pond
D:2:      layout_loops_ring
D:3:      layout_rooms, okawaru_gym_becter, uniq_crazy_yiuf_cottage
D:4:      layout_basic, gammafunk_ghost_split, serial_shops, shop,
          uniq_blork_the_orc
D:5:      minmay_inner_zag, layout_cave_pools, lemuel_crystal_altar,
          chequers_temple_overflow_minitemple, first_ration,
          minmay_misc_feat_roman, kennysheep_small_square, uniq_edmund

Skill      XL: |  1  2  3  4  5  6 |
---------------+-------------------+-----
Stealth        | 4 5 |  5.8
Spellcasting   | 4 5 6 |  6.1
Dodging        | 3 4 |  4.0
Hexes          | 5 |  5.7
Short Blades   | 2 |  2.8

Action                   |  1- 3 |  4- 6 |  7- 9 || total
-------------------------+-------+-------+-------++-------
Melee: Dagger            |    56 |    68 |    14 ||   138
 Cast: Corona            |     5 |       |       ||     5
       Ensorcelled Hiber |    13 |     9 |       ||    22
       Confuse           |       |    10 |       ||    10
       Tukima's Dance    |       |     2 |       ||     2
  Use: Scroll            |       |     5 |       ||     5
 Stab: Sleeping          |    13 |     8 |       ||    21
       Confused          |       |     4 |       ||     4
       Distracted        |       |     1 |       ||     1
  Eat: Chunk             |     2 |     5 |       ||     7
Armor: Robe              |     9 |     8 |     1 ||    18
Dodge: Dodged            |    34 |    32 |     8 ||    74

Table legend:
 A = Non-vault XP
 B = Vault XP
 C = Vault XP percentage of total XP
 D = Non-vault monster count
 E = Vault monster count
 F = Vault count percentage of total count
                 A         B        C        D         E       F
            +---------+---------+-------+---------+---------+-------
      Total |     569 |     192 |  25.2 |      47 |       2 |   4.1
            +---------+---------+-------+---------+---------+-------
        D:1 |      10 |       0 |   0.0 |       6 |       0 |   0.0
        D:2 |      71 |       0 |   0.0 |      16 |       0 |   0.0
        D:3 |      24 |       0 |   0.0 |       7 |       0 |   0.0
        D:4 |     242 |      94 |  28.0 |      11 |       1 |   8.3
        D:5 |     222 |      98 |  30.6 |       7 |       1 |  12.5
            +---------+---------+-------+---------+---------+-------
